PIO (24 & UNDER)
SALEM SLEDGEHAMMERS @ SASKATOON SMOKIN' GUNS
07/18/2026
 
TOP OF THE 1ST
Salem Sledgehammers batting - Pitching for Saskatoon Smokin' Guns : RHP Bernie Titus
Pitching: RHP Bernie Titus
Batting: RHB Luis Bustamante 0-0: Ball
1-0: Foul Ball, location: 2F
1-1: Ground out 5-3 (Groundball, 5)
Batting: LHB José Rivera 0-0: Called Strike
0-1: Ground out 4-3 (Groundball, 4)
Batting: LHB Nathan Frey 0-0: Foul Ball, location: 2F
0-1: Ball
1-1: Swinging Strike
1-2: Fly out, F5 (Popup, 5F)
Top of the 1st over - 0 run(s), 0 hit(s), 0 error(s), 0 left on base; Salem 0 - Saskatoon 0
BOTTOM OF THE 1ST
Saskatoon Smokin' Guns batting - Pitching for Salem Sledgehammers : RHP Guillermo Martínez
Pitching: RHP Guillermo Martínez
Batting: LHB Alejandro Rojas 0-0: Ball
1-0: Ball
2-0: Called Strike
2-1: Foul Ball, location: 2F
2-2: Foul Ball, location: 2F
2-2: Ball
3-2: Foul Ball, location: 2F
3-2: Strikes out swinging
Batting: RHB Joe Lewis 0-0: Called Strike
0-1: Ball
1-1: Foul Ball, location: 2F
1-2: SINGLE (Groundball, 6M)
Batting: LHB José Lińares 0-0: Ball
1-0: Ball
2-0: Fielders Choice at 2nd, 6-4 (Groundball, 6)
Batting: RHB Luis Ibarra 0-0: Foul Ball, location: 2F
0-1: Ball
1-1: 2-RUN HOME RUN (Flyball, 7LD), Distance : 415 ft
Batting: LHB Russell Peck 0-0: Ground out 4-3 (Groundball, 4MS)
Bottom of the 1st over - 2 run(s), 2 hit(s), 0 error(s), 0 left on base; Salem 0 - Saskatoon 2
TOP OF THE 2ND
Salem Sledgehammers batting - Pitching for Saskatoon Smokin' Guns : RHP Bernie Titus
Batting: SHB Júlio Salazar 0-0: Ball
1-0: Ball
2-0: Foul Ball, location: 2F
2-1: Foul Ball, location: 2F
2-2: Strikes out looking
Batting: RHB Bobby Miller 0-0: SINGLE (Groundball, 4M)
Batting: SHB Enrique Uribe 0-0: Called Strike
0-1: Ball
1-1: Called Strike
1-2: Strikes out looking
Batting: RHB Gilberto Silva 0-0: Ball
1-0: Ball
2-0: Fly out, F9 (Flyball, 89M)
Top of the 2nd over - 0 run(s), 1 hit(s), 0 error(s), 1 left on base; Salem 0 - Saskatoon 2
BOTTOM OF THE 2ND
Saskatoon Smokin' Guns batting - Pitching for Salem Sledgehammers : RHP Guillermo Martínez
Batting: RHB Johnny MacNamara 0-0: Swinging Strike
0-1: Swinging Strike
0-2: Strikes out swinging
Batting: RHB César Rodríguez 0-0: Ball
1-0: Called Strike
1-1: Called Strike
1-2: Fly out, F8 (Flyball, 8LXD)
Batting: LHB Bo Rush 0-0: Foul Ball, location: 2F
0-1: SOLO HOME RUN (Line Drive, 9D), Distance : 417 ft
Batting: RHB José Chávez 0-0: Called Strike
0-1: Swinging Strike
0-2: Ball
1-2: Strikes out swinging
Bottom of the 2nd over - 1 run(s), 1 hit(s), 0 error(s), 0 left on base; Salem 0 - Saskatoon 3
TOP OF THE 3RD
Salem Sledgehammers batting - Pitching for Saskatoon Smokin' Guns : RHP Bernie Titus
Batting: LHB Caleb Hall 0-0: Ball
1-0: Ball
2-0: Called Strike
2-1: Foul Ball, location: 2F
2-2: Foul Ball, location: 2F
2-2: Strikes out looking
Batting: RHB Patrick Daniels 0-0: Ball
1-0: Ball
2-0: Foul Ball, location: 2F
2-1: Ground out 5-3 (Groundball, 56)
Batting: RHB Luis Bustamante 0-0: Swinging Strike
0-1: Foul Ball, location: 2F
0-2: Ball
1-2: Strikes out swinging
Top of the 3rd over - 0 run(s), 0 hit(s), 0 error(s), 0 left on base; Salem 0 - Saskatoon 3
BOTTOM OF THE 3RD
Saskatoon Smokin' Guns batting - Pitching for Salem Sledgehammers : RHP Guillermo Martínez
Batting: LHB Alejandro Rojas 0-0: Called Strike
0-1: Ground out 1-3 (Groundball, 13S)
Batting: RHB Joe Lewis 0-0: Ball
1-0: Ground out 5-3 (Groundball, 56)
Batting: LHB José Lińares 0-0: Ground out 6-3 (Groundball, 6M)
Bottom of the 3rd over - 0 run(s), 0 hit(s), 0 error(s), 0 left on base; Salem 0 - Saskatoon 3
TOP OF THE 4TH
Salem Sledgehammers batting - Pitching for Saskatoon Smokin' Guns : RHP Bernie Titus
Batting: LHB José Rivera 0-0: Called Strike
0-1: Ball
1-1: Called Strike
1-2: Foul Ball, location: 2F
1-2: Foul Ball, location: 2F
1-2: Foul Ball, location: 2F
1-2: Ground out U3 (Groundball, 3)
Batting: LHB Nathan Frey 0-0: Called Strike
0-1: Called Strike
0-2: Ball
1-2: Ground out 4-3 (Groundball, 4)
Batting: SHB Júlio Salazar 0-0: SOLO HOME RUN (Flyball, 9D), Distance : 428 ft
Batting: RHB Bobby Miller 0-0: Swinging Strike
0-1: Swinging Strike
0-2: Foul Ball, location: 2F
0-2: Ball
1-2: Strikes out looking
Top of the 4th over - 1 run(s), 1 hit(s), 0 error(s), 0 left on base; Salem 1 - Saskatoon 3
BOTTOM OF THE 4TH
Saskatoon Smokin' Guns batting - Pitching for Salem Sledgehammers : RHP Guillermo Martínez
Batting: RHB Luis Ibarra 0-0: Ball
1-0: Ground out 1-3 (Groundball, 13S)
Batting: LHB Russell Peck 0-0: Foul Ball, location: 2F
0-1: Ball
1-1: Foul Ball, location: 2F
1-2: SINGLE (Groundball, 5S) (infield hit)
Batting: RHB Johnny MacNamara 0-0: Swinging Strike
0-1: Ball
1-1: Fielders Choice at 2nd, 6-4 (Groundball, 6M)
Batting: RHB César Rodríguez 0-0: Called Strike
0-1: SINGLE (Line Drive, 56D)
Johnny MacNamara to second
Batting: LHB Bo Rush 0-0: Ball
1-0: Swinging Strike
1-1: Called Strike
1-2: Ground out 4-3 (Groundball, 4)
Bottom of the 4th over - 0 run(s), 2 hit(s), 0 error(s), 2 left on base; Salem 1 - Saskatoon 3
TOP OF THE 5TH
Salem Sledgehammers batting - Pitching for Saskatoon Smokin' Guns : RHP Bernie Titus
Batting: SHB Enrique Uribe 0-0: Swinging Strike
0-1: SINGLE (Groundball, 6MD)
Batting: RHB Gilberto Silva 0-0: Fielders Choice at 2nd, 5-4 (Groundball, 5)
Batting: LHB Caleb Hall 0-0: Ball
1-0: Called Strike
1-1: Foul Ball, location: 2F
1-2: Foul Ball, location: 2F
1-2: Strikes out looking
Batting: RHB Patrick Daniels 0-0: Ball
1-0: Called Strike
1-1: Ground out 4-3 (Groundball, 34)
Top of the 5th over - 0 run(s), 1 hit(s), 0 error(s), 1 left on base; Salem 1 - Saskatoon 3
BOTTOM OF THE 5TH
Saskatoon Smokin' Guns batting - Pitching for Salem Sledgehammers : RHP Guillermo Martínez
Batting: RHB José Chávez 0-0: Ball
1-0: Called Strike
1-1: Called Strike
1-2: Ball
2-2: Strikes out swinging
Batting: LHB Alejandro Rojas 0-0: Ball
1-0: Ball
2-0: Foul Ball, location: 2F
2-1: Ball
3-1: Base on Balls
Batting: RHB Joe Lewis 0-0: Ball
Alejandro Rojas steals 2nd base
1-0: Ground out 6-3 (Groundball, 6)
Alejandro Rojas to third
Batting: LHB José Lińares 0-0: Intentional Walk
Batting: RHB Luis Ibarra 0-0: Ball
1-0: Ball
2-0: Called Strike
2-1: Swinging Strike
2-2: Foul Ball, location: 2F
2-2: Ball
3-2: Fly out, F9 (Flyball, 89M)
Bottom of the 5th over - 0 run(s), 0 hit(s), 0 error(s), 2 left on base; Salem 1 - Saskatoon 3
TOP OF THE 6TH
Salem Sledgehammers batting - Pitching for Saskatoon Smokin' Guns : RHP Bernie Titus
Batting: RHB Luis Bustamante 0-0: Ball
1-0: Swinging Strike
1-1: Ball
2-1: Ball
3-1: Called Strike
3-2: Ground out 6-3 (Groundball, 6)
Batting: LHB José Rivera 0-0: Ball
1-0: Ground out 4-3 (Groundball, 34)
Batting: LHB Nathan Frey 0-0: Ball
1-0: Called Strike
1-1: Ball
2-1: Ball
3-1: Called Strike
3-2: Strikes out swinging
Top of the 6th over - 0 run(s), 0 hit(s), 0 error(s), 0 left on base; Salem 1 - Saskatoon 3
BOTTOM OF THE 6TH
Saskatoon Smokin' Guns batting - Pitching for Salem Sledgehammers : RHP Guillermo Martínez
Batting: LHB Russell Peck 0-0: Ball
1-0: Foul Ball, location: 2F
1-1: Called Strike
1-2: Foul Ball, location: 2F
1-2: Ball
2-2: DOUBLE (Flyball, 78M)
Batting: RHB Johnny MacNamara 0-0: Called Strike
0-1: Fly out, F7 (Flyball, 7LM)
Batting: RHB César Rodríguez 0-0: Ball
1-0: Ball
2-0: Ball
3-0: Called Strike
3-1: Foul Ball, location: 2F
3-2: Ground out 6-3 (Groundball, 6)
Batting: LHB Bo Rush 0-0: Intentional Walk
Pitching: LHP Sean Yarbrough
Batting: RHB José Chávez 0-0: Ball
1-0: Fly out, F4 (Popup, 34)
Bottom of the 6th over - 0 run(s), 1 hit(s), 0 error(s), 2 left on base; Salem 1 - Saskatoon 3
TOP OF THE 7TH
Salem Sledgehammers batting - Pitching for Saskatoon Smokin' Guns : RHP Bernie Titus
Batting: SHB Júlio Salazar 0-0: Ball
1-0: Called Strike
1-1: SINGLE (Line Drive, 89S)
Pitching: RHP Denny Koch
Batting: RHB Bobby Miller 0-0: Called Strike
0-1: Ball
1-1: Called Strike
1-2: Strikes out swinging
Júlio Salazar steals 2nd base
Batter strikes out.
Batting: SHB Enrique Uribe 0-0: Ball
Júlio Salazar is caught stealing 3rd base
1-0: Foul Ball, location: 2F
1-1: Ball
2-1: Ground out 1-3 (Groundball, 15S)
Top of the 7th over - 0 run(s), 1 hit(s), 0 error(s), 0 left on base; Salem 1 - Saskatoon 3
BOTTOM OF THE 7TH
Saskatoon Smokin' Guns batting - Pitching for Salem Sledgehammers : LHP Sean Yarbrough
Batting: LHB Alejandro Rojas 0-0: Swinging Strike
0-1: Ball
1-1: Ball
2-1: Ground out 1-3 (Groundball, 13)
Batting: RHB Joe Lewis 0-0: Ball
1-0: Called Strike
1-1: Fly out, F9 (Popup, 34D)
Batting: LHB José Lińares 0-0: Ball
1-0: Called Strike
1-1: SINGLE (Line Drive, 89S)
Batting: RHB Luis Ibarra 0-0: Called Strike
0-1: Swinging Strike
0-2: Ball
1-2: Strikes out swinging
Bottom of the 7th over - 0 run(s), 1 hit(s), 0 error(s), 1 left on base; Salem 1 - Saskatoon 3
TOP OF THE 8TH
Salem Sledgehammers batting - Pitching for Saskatoon Smokin' Guns : RHP Denny Koch
Batting: RHB Gilberto Silva 0-0: Called Strike
0-1: Ground out 5-3 (Groundball, 56S)
Batting: LHB Caleb Hall 0-0: Foul Ball, location: 2F
0-1: Foul Ball, location: 2F
0-2: Foul Ball, location: 2F
0-2: Strikes out swinging
Batting: RHB Patrick Daniels 0-0: Fly out, F9 (Flyball, 9S)
Top of the 8th over - 0 run(s), 0 hit(s), 0 error(s), 0 left on base; Salem 1 - Saskatoon 3
BOTTOM OF THE 8TH
Saskatoon Smokin' Guns batting - Pitching for Salem Sledgehammers : LHP Sean Yarbrough
Batting: LHB Russell Peck 0-0: Called Strike
0-1: Foul Ball, location: 2F
0-2: Ground out 1-3 (Groundball, 13)
Batting: RHB Johnny MacNamara 0-0: Called Strike
0-1: Called Strike
0-2: Strikes out swinging, 2-3 out at first.
Batting: RHB César Rodríguez 0-0: Ball
1-0: SINGLE (Line Drive, 6M)
Batting: LHB Bo Rush 0-0: Called Strike
0-1: Ball
1-1: Foul Ball, location: 2F
1-2: Strikes out swinging
Bottom of the 8th over - 0 run(s), 1 hit(s), 0 error(s), 1 left on base; Salem 1 - Saskatoon 3
TOP OF THE 9TH
Salem Sledgehammers batting - Pitching for Saskatoon Smokin' Guns : RHP Denny Koch
Pitching: RHP Melvin Hicks
Batting: RHB Luis Bustamante 0-0: Ball
1-0: Called Strike
1-1: Called Strike
1-2: Ball
2-2: Strikes out swinging
Batting: LHB José Rivera 0-0: Fly out, F4 (Popup, 4MD)
Batting: LHB Nathan Frey 0-0: Ball
1-0: Foul Ball, location: 2F
1-1: Ball
2-1: Foul Ball, location: 2F
2-2: Foul Ball, location: 2F
2-2: Foul Ball, location: 2F
2-2: Ball
3-2: SINGLE (Groundball, 4M)
Batting: SHB Júlio Salazar 0-0: Ball
1-0: Foul Ball, location: 2F
1-1: Foul Ball, location: 2F
1-2: SINGLE (Flyball, 9LM)
Nathan Frey to second
Runner from 2nd tries for 3rd, SAFE, throw made to third
Júlio Salazar to second
Batting: RHB Bobby Miller 0-0: Swinging Strike
0-1: Ball
1-1: Ball
2-1: Called Strike
2-2: SINGLE (Groundball, 6MD)
Nathan Frey scores
Júlio Salazar to third
Runner from 3rd tries for Home, SAFE, no throw or cutoff
Batting: SHB Enrique Uribe 0-0: Ball
1-0: Swinging Strike
1-1: Ball
2-1: Ball
3-1: Base on Balls
Bobby Miller to second
Batting: RHB Gilberto Silva 0-0: Fly out, F8 (Flyball, 8LXD)
Top of the 9th over - 2 run(s), 3 hit(s), 0 error(s), 2 left on base; Salem 3 - Saskatoon 3
BOTTOM OF THE 9TH
Saskatoon Smokin' Guns batting - Pitching for Salem Sledgehammers : LHP Sean Yarbrough
Pitching: RHP Norberto Deleón
Pinch Hitting: LHB Raúl Casillán 0-0: Foul Ball, location: 2F
0-1: Swinging Strike
0-2: Strikes out looking
Batting: LHB Alejandro Rojas 0-0: Ball
1-0: Swinging Strike
1-1: Ball
2-1: Ball
3-1: Base on Balls
Pinch Hitting: RHB Zack Flint 0-0: Fly out, F8 (Flyball, 8LS)
Batting: LHB José Lińares 0-0: Ball
1-0: Foul Ball, location: 2F
1-1: Ball
Alejandro Rojas steals 2nd base
2-1: Intentional Walk
Batting: RHB Luis Ibarra 0-0: Called Strike
0-1: Ball
1-1: Swinging Strike
1-2: Fly out, F4 (Popup, 34D)
Bottom of the 9th over - 0 run(s), 0 hit(s), 0 error(s), 2 left on base; Salem 3 - Saskatoon 3
TOP OF THE 10TH
Salem Sledgehammers batting - Pitching for Saskatoon Smokin' Guns : RHP Melvin Hicks
Now at C: Zack Flint
Now at 2B: Rijk de Rade
Batting: LHB Caleb Hall 0-0: Foul Ball, location: 2F
0-1: Ground out 4-3 (Groundball, 4)
Batting: RHB Patrick Daniels 0-0: Ball
1-0: Ball
2-0: SOLO HOME RUN (Flyball, 7D), Distance : 437 ft
Batting: RHB Luis Bustamante 0-0: SINGLE (Groundball, 6M)
Batting: LHB José Rivera 0-0: Ball
1-0: Called Strike
1-1: Ball
2-1: Fly out, F9 (Flyball, 9M)
Batting: LHB Nathan Frey 0-0: Ball
1-0: Foul Ball, location: 2F
1-1: Fly out, F7 (Popup, 56D)
Top of the 10th over - 1 run(s), 2 hit(s), 0 error(s), 1 left on base; Salem 4 - Saskatoon 3
BOTTOM OF THE 10TH
Saskatoon Smokin' Guns batting - Pitching for Salem Sledgehammers : RHP Norberto Deleón
Batting: LHB Russell Peck 0-0: Swinging Strike
0-1: Fly out, F7 (Flyball, 78M)
Pinch Hitting: LHB Carlos Perneta 0-0: Ball
1-0: Ball
2-0: Called Strike
2-1: Ball
3-1: Swinging Strike
3-2: Base on Balls
Batting: RHB César Rodríguez 0-0: 2-RUN HOME RUN (Flyball, 9LD), Distance : 338 ft
Monday, December 5th, 2016 - OOTP Baseball 17.12 Build 75